 Dungeon Crawl Stone Soup version 0.29-a0-598-gd8304a5bf4 (webtiles) character file.

Game seed: 10913644728984268141

2213 happo123 the Ruffian (level 9, -4/83 HPs)
             Began as a Troll Transmuter on June 15, 2022.
             Was a Priest of Okawaru.
             Killed from afar by an electric eel (7 damage)
             ... with a bolt of electricity
             ... on level 6 of the Dungeon.
             The game lasted 00:21:17 (4075 turns).

happo123 the Ruffian (Troll Transmuter)             Turns: 4075, Time: 00:21:20

Health: -4/83      AC:  6    Str: 20    XL:     9   Next: 13%
Magic:  11/12      EV: 10    Int: 13    God:    Okawaru [***...]
Gold:   365        SH:  0    Dex: 10    Spells: 10/13 levels left

rFire   . . .      SeeInvis .     - Unarmed
rCold   . . .      Faith    .   (no shield)
rNeg    . . .      Spirit   .   a - +0 robe
rPois   +          Reflect  .   (helmet currently unavailable)
rElec   .          Harm     .   f - +1 cloak
rCorr   .          Rampage  .   (gloves unavailable)
Will    .....                   (boots unavailable)
Stlth   +.........              o - amulet of regeneration
HPRegen 1.83/turn               y - ring of poison resistance
MPRegen 0.13/turn               A - ring of wizardry

@: appendages (expiring)
A: horns 2, talons 2, large, unfitting armour, claws 3, regeneration 1, shaggy
fur 1, tough skin 1
a: End Transformation, Renounce Religion, Heroism


You were on level 6 of the Dungeon.
You worshipped Okawaru.
Okawaru was most pleased with you.
You had temporarily grown beastly horns and talons.
You visited 1 branch of the dungeon, and saw 6 of its levels.

You collected 365 gold pieces.

Inventory:

Armour
 a - a +0 robe (worn)
 f - a +1 cloak (worn)
Magical Staves
 k - a staff of death
Jewellery
 o - an amulet of regeneration (around neck)
 u - an amulet of the acrobat
 y - a ring of poison resistance (left claw)
 z - a ring of see invisible
 A - a ring of wizardry (right claw)
Wands
 n - a wand of charming (17)
 C - a wand of flame (28)
Scrolls
 c - 3 scrolls of identify
 d - 2 scrolls of amnesia
 g - 2 scrolls of teleportation
 i - a scroll of summoning {unknown}
 q - a scroll of poison {unknown}
 v - a scroll of noise {unknown}
 w - 2 scrolls of immolation
 B - a scroll of vulnerability {unknown}
 D - a scroll of fog {unknown}
Potions
 b - a potion of lignification
 e - 3 potions of cancellation {unknown}
 h - 3 potions of attraction {unknown}
 j - 2 potions of curing {unknown}
 m - 2 potions of magic {unknown}
 p - a potion of invisibility {unknown}
 r - 2 potions of heal wounds {unknown}
 s - 2 potions of ambrosia {unknown}
 t - a potion of haste {unknown}
 x - a potion of mutation {unknown}


   Skills:
 + Level 3.4 Fighting
 + Level 3.7 Dodging
 * Level 6.8 Unarmed Combat
 + Level 2.9 Spellcasting
 * Level 4.8 Transmutations
 + Level 3.0 Ice Magic


You had 10 spell levels left.
You knew the following spells:

 Your Spells              Type           Power      Damage    Failure   Level
a - Beastly Appendage     Tmut           28%        N/A       1%          1
b - Wereblood             Tmut           14%        N/A       1%          2

Your spell library contained the following spells:

 Spells                   Type           Power      Damage    Failure   Level
 Passwall                 Tmut/Erth      6%         N/A       5%          2
 Ensorcelled Hibernation  Hex/Ice        10%        N/A       8%          2
 Spider Form              Tmut/Pois      8%         N/A       11%         3
 Sublimation of Blood     Necr           1%         N/A       14%         2
 Ice Form                 Ice/Tmut       12%        N/A       17%         4
 Dazzling Flash           Conj/Hex       2%         N/A       26%         3
 Gell's Gravitas          Tloc           1%         N/A       26%         3
 Lesser Beckoning         Tloc           1%         N/A       26%         3
 Swiftness                Air            1%         N/A       26%         3
 Teleport Other           Tloc           1%         N/A       26%         3
 Petrify                  Tmut/Erth      8%         N/A       32%         4
 Iskenderun's Mystic Bla  Conj/Tloc      1%         2d3       65%         4
 Irradiate                Conj/Tmut      4%         3d14      65%         5
 Starburst                Conj/Fire      0%         6d3       100%        6


Dungeon Overview and Level Annotations

Branches:
Dungeon (6/15)
 Temple: D:4-7

Altars:
Fedhas
Okawaru
Qazlal
Zin

Shops:
D:4 [


Innate Abilities, Weirdness & Mutations

You have temporarily grown beastly horns and talons.
You are too large for most types of armour.
You have claws for hands.
Your natural rate of healing is unusually fast.
You are covered in fur. (AC +1)
You have tough skin. (AC +1)


Message History

You extend your transformation's duration.
Casting: Beastly Appendage (safe; 1% risk of failure)
Press: ? - help, Q - select action, (/) - cycle Dir - look around, f - activate You extend your transformation's duration.
You open the door.
Your transformation is almost over.
There is an open door here.
The electric eel shoots out a bolt of lightning at you!
The bolt of electricity hits the electric eel.
The electric eel completely resists.
The bolt of electricity hits you.
The electric eel shoots out a bolt of lightning at you!
The bolt of electricity hits you!
The electric eel shoots out a bolt of lightning at you!
The bolt of electricity hits you!
The electric eel shoots out a bolt of lightning at you!
The bolt of electricity hits you.
The electric eel shoots out a bolt of lightning at you!
The bolt of electricity hits the electric eel.
The electric eel completely resists.
The bolt of electricity hits you!
The electric eel shoots out a bolt of lightning at you!
The bolt of electricity hits you!
The electric eel shoots out a bolt of lightning at you!
The bolt of electricity hits you!
* * * LOW HITPOINT WARNING * * *
The electric eel shoots out a bolt of lightning at you!
The bolt of electricity hits the electric eel.
The electric eel completely resists.
The bolt of electricity hits you!
* * * LOW HITPOINT WARNING * * *
The electric eel shoots out a bolt of lightning at you!
The bolt of electricity hits the electric eel.
The electric eel completely resists.
The bolt of electricity hits you!
* * * LOW HITPOINT WARNING * * *
Blink to where?
Press: ? - help, Dir - move target
As you read the scroll of blinking, it crumbles to dust.
The electric eel shoots out a bolt of lightning at you!
The bolt of electricity hits the plant!
The plant begins to die.
The bolt of electricity hits the plant!
The plant begins to die.
The bolt of electricity hits you!
You die...

### #.##.......# #.#
..###.##.#..#### #.#
<..##.##....# #.#
...##.####.## #.#
##.######### #.#####
##.###≈≈≈..### #.#...
...##.####..†##### #.#.##
.#.#.## +##≈≈≈..###....#
...#.# #####@.#.....#
...#.#.....##..'###.....#
..##)#PP.P≈#.....##.....###.#
.###≈#.≈.P/#.....###.#......#
## #≈#≈$.[.#...PP# ##...#####
#≈#≈≈≈≈≈#.§P≈$####..##
#≈##SS≈##?S.$[#..)..#
##≈######S≈S≈≈####.##
##...≈≈##≈≈≈### #.#


You could see 3 electric eels.

Vanquished Creatures
  A two-headed ogre (D:6)
  A yak (D:6)
  Eustachio (D:5)
  Menkaure (D:4)
  2 black bears
  2 ice beasts
  2 ogres
  A centaur (D:5)
  A scorpion (D:5)
  Blork the orc (D:4)
  An orc priest (D:5)
  3 hounds (D:5)
  2 iguanas
  2 orc wizards (D:5)
  6 adders
  3 gnolls (D:3)
  5 river rats (D:5)
  An ufetubus (D:5)
  2 worms (D:3)
  2 dart slugs
  15 orcs
  10 ball pythons
  8 endoplasms
  A giant cockroach (D:4)
  11 goblins
  3 hobgoblins
  16 jackals
  11 quokkas
  7 bats
  7 frilled lizards
  9 kobolds
  27 rats
165 creatures vanquished.

Notes
Turn   | Place    | Note
-------+----------+-------------------------------------------
     0 | D:1      | happo123 the Troll Transmuter began the quest for the Orb.
     0 | D:1      | Reached XP level 1. HP: 18/18 MP: 1/1
   192 | D:1      | Reached XP level 2. HP: 26/26 MP: 0/2
   199 | D:1      | Reached skill level 1 in Fighting
   642 | D:1      | Reached XP level 3. HP: 33/33 MP: 1/4
   648 | D:1      | Learned a level 2 spell: Wereblood
  1608 | D:3      | Found an iron altar of Okawaru.
  1615 | D:3      | Became a worshipper of Warmaster Okawaru
  1761 | D:3      | Reached XP level 4. HP: 40/41 MP: 3/5
  1908 | D:3      | Reached skill level 1 in Ice Magic
  1912 | D:3      | Found a blossoming altar of Fedhas.
  2329 | D:3      | Reached XP level 5. HP: 48/48 MP: 4/6
  2423 | D:4      | Found Tusoim's Armour Shop.
  2464 | D:4      | Noticed Blork the orc
  2476 | D:4      | Killed Blork the orc
  2477 | D:4      | Reached skill level 4 in Unarmed Combat
  2498 | D:4      | Found a stormy altar of Qazlal.
  2499 | D:4      | Noticed a black bear
  2499 | D:4      | Noticed an ogre
  2516 | D:4      | Killed a black bear
  2516 | D:4      | Reached * piety under Okawaru
  2517 | D:4      | Reached XP level 6. HP: 56/57 MP: 4/7
  2671 | D:4      | Found a glowing silver altar of Zin.
  2891 | D:4      | Noticed Menkaure
  2901 | D:4      | Killed Menkaure
  2902 | D:4      | Reached XP level 7. HP: 32/65 MP: 6/8
  3057 | D:5      | Entered Level 5 of the Dungeon
  3106 | D:5      | Noticed Eustachio
  3117 | D:5      | Killed Eustachio
  3117 | D:5      | Reached ** piety under Okawaru
  3118 | D:5      | Reached skill level 5 in Unarmed Combat
  3332 | D:5      | Reached XP level 8. HP: 74/74 MP: 10/10
  3933 | D:6      | Noticed a two-headed ogre
  3939 | D:6      | Killed a two-headed ogre
  3939 | D:6      | Reached *** piety under Okawaru
  3940 | D:6      | Reached skill level 6 in Unarmed Combat
  3984 | D:6      | Reached XP level 9. HP: 22/83 MP: 10/12
  4074 | D:6      | HP: 1/83 [electric eel/bolt of electricity (11)]
  4075 | D:6      | Killed from afar by an electric eel

Illustrated notes

Levels and vault maps discovered:
D:1:      matt_arrival_grand_opening, layout_loops_corners, minivault_11
D:2:      layout_basic
D:3:      minmay_chambers_of_twos, layout_loops_ring, okawaru_metal_pillars_1_2,
          mainiacjoe_overflow_cross_hatched, grunt_decor_clamped,
          minmay_misc_feat_five
D:4:      layout_basic, mainiacjoe_overflow_alcove_4, serial_shops,
          nicolae_shop_statue_plus, minmay_ruined_shrine, uniq_menkaure,
          uniq_blork_the_orc
D:5:      lemuel_ratsnest, layout_rooms, kennysheep_generic_room_4,
          uniq_eustachio
D:6:      cheibrodos_two_vegetables, layout_loops_corners,
          kennysheep_generic_room_12

Skill      XL: |  1  2  3  4  5  6  7  8  9 |
---------------+----------------------------+-----
Fighting       | 1 2 3 |  3.4
Transmutations | 2 3 4 |  4.8
Ice Magic      | 1 2 3 |  3.0
Dodging        | 2 3 |  3.7
Unarmed Combat | 4 5 6 |  6.8
Spellcasting   | 2 |  2.9

Action                   |  1- 3 |  4- 6 |  7- 9 || total
-------------------------+-------+-------+-------++-------
Melee: Unarmed           |   146 |    98 |   165 ||   409
       Headbutt          |     3 |     9 |    18 ||    30
       Kick              |     1 |    12 |    21 ||    34
       Punch             |     2 |     5 |     2 ||     9
 Cast: Beastly Appendage |     5 |    11 |    17 ||    33
       Wereblood         |       |     2 |     4 ||     6
  Use: Scroll            |       |     2 |     3 ||     5
 Stab: Sleeping          |     1 |       |       ||     1
Armor: Robe              |    63 |    35 |    75 ||   173
Dodge: Dodged            |    76 |    51 |   100 ||   227

Table legend: (Time is in decaauts)
 A = Elapsed time spent in this place.
 B = Non-inter-level travel time spent in this place.
 C = Inter-level travel time spent in this place.
 D = Time resting spent in this place.
 E = Time spent auto-exploring this place.
 F = Levels seen in this place.
 G = Mean time per level.
                   A        B        C        D        E       F      G
               +--------+--------+--------+--------+--------+-----+--------+
         Total |   4049 |   3444 |    605 |     16 |   2329 |   6 |  674.8 |
       Dungeon |   4049 |   3444 |    605 |     16 |   2329 |   6 |  674.8 |
               +--------+--------+--------+--------+--------+-----+--------+

Top non-repeatable levels by time:
     D:1: 975 daAuts
     D:3: 826 daAuts
     D:5: 709 daAuts
     D:4: 648 daAuts
     D:2: 589 daAuts
     D:6: 300 daAuts
